 Dungeon Crawl Stone Soup version 0.17-a0-1636-g3119f2b (console) character file.

84 Monkaria the Conjurer (level 4, -6/24 HPs)
             Began as a Deep Elf Conjurer on Aug 6, 2015.
             Mangled by Sigmund
             ... wielding a +0 scythe
              (11 damage)
             ... on level 3 of the Dungeon.
             The game lasted 00:03:01 (2379 turns).

Monkaria the Conjurer (Deep Elf Conjurer)           Turns: 2379, Time: 00:03:01

Health: -6/24      AC:  3    Str:  9    XL:     4   Next: 24%
Magic:  6/10       EV:  8    Int: 21    God:
Gold:   124        SH:  0    Dex: 15    Spells: 3 memorised, 2 levels left

rFire  . . .     SeeInvis .     (no weapon)
rCold  . . .     Clarity  .     a - +0 robe
rNeg   . . .     SustAt   .     (no shield)
rPois  .         Gourm    .     (no helmet)
rElec  .         Spirit   .     (no cloak)
rCorr  .         Warding  .     (no gloves)
rMut   .         Stasis   .     m - +0 pair of boots
MR     .....                    (no amulet)
Stlth  ++........               (no ring)
                                d - +4 ring of strength

@: not resistant to hostile enchantments, unstealthy
A: no striking features
a: no special abilities


You were on level 3 of the Dungeon.
You were very hungry.

You visited 1 branch of the dungeon, and saw 3 of its levels.

You collected 124 gold pieces.

Inventory:

Armour
 a - a +0 robe (worn)
 e - a cursed +0 ring mail
 m - a +0 pair of boots (worn)
Jewellery
 d - a +4 ring of strength (left hand)
Magical devices
 l - a wand of random effects (29)
Scrolls
 g - a scroll of teleportation {unknown}
 h - 3 scrolls of enchant armour {unknown}
 i - a scroll of amnesia {unknown}
 j - 2 scrolls of remove curse {unknown}
 n - a scroll of recharging {unknown}
 o - a scroll of blinking {unknown}
Books
 b - a book of Conjurations

   Spells                             Type                      Level
   a - Magic Dart                     Conjuration                  1
   b - Searing Ray                    Conjuration                  2
   c - Dazzling Spray                 Conjuration/Hexes            3
   d - Fulminant Prism                Conjuration/Hexes            4
   e - Iskenderun's Mystic Blast      Conjuration                  4
   f - Iskenderun's Battlesphere      Conjuration/Charms           5
Comestibles
 c - 2 bread rations
 f - 2 slices of pizza
 r - a meat ration


   Skills:
 - Level 2.4 Dodging
 - Level 2.4 Stealth
 - Level 3.0 Spellcasting
 + Level 6.3 Conjurations


You had 2 spell levels left.
You knew the following spells:

 Your Spells              Type           Power        Failure   Level  Hunger
a - Magic Dart            Conj           ####         1%          1    None
b - Searing Ray           Conj           ####..       1%          2    ##.....
c - Iskenderun's Mystic   Conj           ####....     12%         4    ####...


Dungeon Overview and Level Annotations

Branches:
Dungeon (3/15)

Altars:
Qazlal
Ru
Yredelemnul

Annotations:
D:3 Sigmund


Message History

The ball python barely misses you. The ball python grabs you.
The ball python constricts you.
The searing ray hits the ball python.
You kill the ball python!
Something hits you.
The searing ray hits something.
Something completely misses you. Something hits you!
Ouch! That really hurt!
* * * LOW HITPOINT WARNING * * *
Drink which item? (? for menu, Esc to quit)
It was a potion of flight.
You feel very buoyant.
You fly up into the air.
Drink which item? (? for menu, Esc to quit)
It was a potion of cancellation.
Your magical effects are unravelling.
You feel magically purged. Something hits you but does no damage.
You float gracefully downwards.
Something hits you!
You die...

.$...#
......
....# ...#
†.##
##{..##..
##.......[
#.@.......
#.........
#...$.....
##.......$
##...##..
.!.# #
.#.. .##.#


There were no monsters in sight!

Vanquished Creatures
  2 adders (D:2)
  A worm (D:2)
  2 giant cockroaches
  13 hobgoblins
  A ball python (D:3)
  7 bats
  8 goblins
  9 jackals (D:1)
  4 kobolds (D:1)
  8 rats
55 creatures vanquished.

Notes
Turn   | Place    | Note
--------------------------------------------------------------
     0 | D:1      | Monkaria the Deep Elf Conjurer began the quest for the Orb.
     0 | D:1      | Reached XP level 1. HP: 10/10 MP: 6/6
   142 | D:1      | Reached XP level 2. HP: 13/15 MP: 2/8
   144 | D:1      | Reached skill level 5 in Conjurations
   700 | D:1      | Reached XP level 3. HP: 19/19 MP: 4/9
  1485 | D:2      | Found a sacrificial altar of Ru.
  1625 | D:2      | Reached skill level 6 in Conjurations
  1845 | D:2      | Found a stormy altar of Qazlal.
  1846 | D:2      | Found a basalt altar of Yredelemnul.
  1912 | D:2      | Reached XP level 4. HP: 21/24 MP: 4/10
  2045 | D:2      | Learned a level 2 spell: Searing Ray
  2050 | D:2      | Learned a level 4 spell: Iskenderun's Mystic Blast
  2333 | D:3      | Noticed Sigmund
  2379 | D:3      | Mangled by Sigmund

Vault maps used:
D:1:      mrwooster_arrival_arrow, kennysheep_flooded_box
D:2:      grunt_temple_overflow_open
D:3:      gup_sewer_entry_bowl, first_bread, uniq_sigmund, uniq_natasha

Action                   |  1- 3 |  4- 6 || total
-------------------------+-------+-------++-------
Melee: Unarmed           |    14 |       ||    14
 Cast: Magic Dart        |    76 |    22 ||    98
       Searing Ray       |       |     2 ||     2
  Use: Potion            |       |     2 ||     2
  Eat: Chunk             |     2 |     1 ||     3
